 Dungeon Crawl Stone Soup version 0.24.0 (webtiles) character file.

Game seed: 7849244405827992448, levelgen mode: deterministic

165 Mrkan the Skirmisher (level 5, -19/34 HPs)
             Began as a Gargoyle Fighter on Oct 25, 2019.
             Was an Initiate of Okawaru.
             Demolished by an ogre
             ... wielding a +0 giant spiked club
              (23 damage)
             ... on level 4 of the Dungeon.
             The game lasted 00:04:56 (2272 turns).

Mrkan the Skirmisher (Gargoyle Fighter)             Turns: 2272, Time: 00:04:57

Health: -19/34     AC: 13    Str: 26    XL:     5   Next: 46%
Magic:  5/5        EV:  6    Int:  8    God:    Okawaru [......]
Gold:   124        SH: 10    Dex:  9    Spells: 4/4 levels left

rFire    . . .     SeeInvis .   a - +0 flail
rCold    . . .     Gourm    .   c - +0 shield
rNeg     + . .     Faith    .   i - +0 chain mail
rPois    ∞         Spirit   .   (no helmet)
rElec    +         Reflect  .   (no cloak)
rCorr    .         Harm     .   (no gloves)
MR       .....                  (no boots)
Stlth    ..........             (no amulet)
HPRegen  0.11/turn              (no ring)
MPRegen  0.09/turn              (no ring)

@: mighty
A: negative energy resistance 1, electricity resistance, unbreathing,
petrification resistance, rot immunity, AC +4
a: Renounce Religion


You were on level 4 of the Dungeon.
You worshipped Okawaru.
Okawaru was noncommittal.
You were not hungry.

You visited 1 branch of the dungeon, and saw 4 of its levels.

You collected 124 gold pieces.

Inventory:

Hand Weapons
 a - a +0 flail (weapon)
 h - a +1 falchion of protection
Missiles
 g - 7 javelins (quivered)
Armour
 c - a +0 shield (worn)
 i - a +0 chain mail (worn)
Jewellery
 p - an uncursed ring of protection from magic {unknown}
Scrolls
 e - 2 scrolls of identify {unknown}
 j - a scroll of enchant armour {unknown}
 k - a scroll of amnesia {unknown}
 l - a scroll of blinking {unknown}
 n - a scroll of fog {unknown}
 r - a scroll of remove curse {unknown}
 t - 2 scrolls of magic mapping {unknown}
 v - a scroll of enchant weapon {unknown}
Potions
 b - a potion of cancellation {unknown}
 d - 3 potions of might
 m - 2 potions of curing {unknown}
 o - 2 potions of lignification {unknown}
 q - 3 potions of degeneration {unknown}
 s - a potion of agility {unknown}
 u - a potion of heal wounds {unknown}
Comestibles
 f - 6 rations


   Skills:
 + Level 4.3 Fighting
 * Level 4.1 Maces & Flails
 - Level 3.2 Armour
 + Level 4.2 Shields


You had 4 spell levels left.
You didn't know any spells.
Your spell library was empty.

Dungeon Overview and Level Annotations

Branches:
Dungeon (4/15)
 Temple: D:4-7

Altars:
Nemelex Xobeh
Okawaru
Yredelemnul


Innate Abilities, Weirdness & Mutations

You are resistant to torment.
Your stone body is resilient. (AC +4)
You are immune to poison.
You resist negative energy. (rN+)
You are resistant to electric shocks. (rElec)
You can survive without breathing.
You are immune to petrification.
You are immune to rotting.


Message History

A gnoll comes into view. It is wielding a +0 club.
Found 18 gold pieces.
There is a stone staircase leading up here.
Okay, then.
You feel very mighty all of a sudden.
The ogre hits you with a +0 giant spiked club!
You closely miss the ogre. You block the gnoll's attack.
The ogre hits you with a +0 giant spiked club!!
Ouch! That really hurt!
* * * LOW HITPOINT WARNING * * *
The gnoll completely misses you.
You sock the ogre!
The ogre is moderately wounded.
You block the ogre's attack. The gnoll hits you but does no damage.
You hit the ogre.
The ogre is heavily wounded.
You block the gnoll's attack.
The ogre hits you with a +0 giant spiked club!!
Ouch! That really hurt!
You die...

...............
###..##<#
........#
###..##g# #.
#g# # #g# [.
#g# ..##O#
..##@# #.##.#
#.##.# #.##.#
######.##.#
#.........#
##.####.####
#######.....#.#
.....##.......#


You could see an ogre and 4 gnolls.

Vanquished Creatures
  2 worker ants
  4 adders (D:2)
  An ooze (D:2)
  An adder skeleton (D:4)
  2 worms (D:2)
  2 dart slugs (D:1)
  A leopard gecko (D:3)
  4 orcs
  8 giant cockroaches
  8 goblins
  5 hobgoblins
  A quokka (D:3)
  8 bats
  5 frilled lizards
  7 kobolds
  A leopard gecko skeleton (D:4)
  3 rats
63 creatures vanquished.

Notes
Turn   | Place    | Note
-------+----------+-------------------------------------------
     0 | D:1      | Mrkan the Gargoyle Fighter began the quest for the Orb.
     0 | D:1      | Reached XP level 1. HP: 14/14 MP: 1/1
   170 | D:1      | Reached XP level 2. HP: 8/19 MP: 2/2
   255 | D:1      | Found an iron altar of Okawaru.
   276 | D:1      | Became a worshipper of Warmaster Okawaru
  1118 | D:2      | Reached XP level 3. HP: 24/24 MP: 3/3
  1319 | D:2      | Reached XP level 4. HP: 29/29 MP: 4/4
  1666 | D:2      | Reached XP level 5. HP: 33/33 MP: 5/5
  1670 | D:2      | Found a sparkling altar of Nemelex Xobeh.
  1747 | D:3      | Found a basalt altar of Yredelemnul.
  2258 | D:4      | Noticed an ogre
  2272 | D:4      | Demolished by an ogre

Levels and vault maps discovered:
D:1:      dpeg_arrival_tiny_i, layout_basic, okawaru_ov_weapons_minmay
D:2:      layout_rooms, first_ration, nemelex_dance_club_becter
D:3:      layout_rooms, yredelemnul_altar_generic
D:4:      layout_loops_ring, uniq_crazy_yiuf_cottage, uniq_menkaure
